 Dungeon Crawl Stone Soup version 0.17.0-28-g6e173f8 (webtiles) character file.

68 M4edhros the Charlatan (level 4, 0/28 HPs)
             Began as an Octopode Artificer on Nov 29, 2015.
             Was an Initiate of Fedhas.
             Succumbed to an adder's poison
             ... on level 2 of the Dungeon.
             The game lasted 00:01:32 (942 turns).

M4edhros the Charlatan (Octopode Artificer)          Turns: 942, Time: 00:01:33

Health: 0/28       AC:  1    Str: 10    XL:     4   Next: 19%
Magic:  7/7        EV: 12    Int: 15    God:    Fedhas [......]
Gold:   54         SH:  0    Dex: 12    Spells: 0 memorised, 3 levels left

rFire  . . .     SeeInvis .     o - +1 short sword (holy)
rCold  . . .     Clarity  .     (no shield)
rNeg   . . .     SustAt   +     (helmet restricted)
rPois  .         Gourm    .     (no amulet)
rElec  .         Spirit   .     l - ring of sustain attributes
rCorr  .         Warding  .     (no ring)
rMut   .         Stasis   .     (no ring)
MR     .....                    (no ring)
Stlth  ++++......               (no ring)
                                (no ring)
                                (no ring)
                                (no ring)

@: lethally poisoned (0 -> -3), not resistant to hostile enchantments, stealthy
A: almost no armour, amphibious, 8 rings, constrict 8, antennae 1, camouflage 1,
gelatinous body 1
a: Renounce Religion


You were on level 2 of the Dungeon.
You worshipped Fedhas.
Fedhas was noncommittal.
You were not hungry.

You visited 1 branch of the dungeon, and saw 3 of its levels.

You collected 54 gold pieces.

Inventory:

Hand Weapons
 a - a +0 short sword
 o - a +1 short sword of holy wrath (weapon)
Jewellery
 l - a ring of sustain attributes (left tentacle)
Wands
 b - a wand of flame (15)
 c - a wand of enslavement (14)
 d - a wand of random effects (15)
Scrolls
 f - a scroll of enchant weapon {unknown}
 g - a scroll of noise {unknown}
 k - 2 scrolls of remove curse {unknown}
 m - a scroll of teleportation {unknown}
 q - a scroll of fear {unknown}
Potions
 s - a potion of flight
Books
 i - a book of the Earth

   Spells                             Type                      Level
   a - Leda's Liquefaction            Hexes/Earth                  4
   b - Bolt of Magma                  Conjuration/Fire/Earth       5
   c - Statue Form                    Transmutation/Earth          6
   d - Iron Shot                      Conjuration/Earth            6
   e - Shatter                        Earth                        9
Comestibles
 e - 3 bread rations
 j - a royal jelly


   Skills:
 - Level 1.0 Fighting
 - Level 1.0 Short Blades
 - Level 2.0 Dodging
 + Level 4.1 Stealth
 + Level 4.4 Evocations


You had 3 spell levels left.
You didn't know any spells.

Dungeon Overview and Level Annotations

Branches:
Dungeon (3/15)

Altars:
Ashenzari
Fedhas
Gozag
Qazlal

Annotations:
D:2 Robin


Innate Abilities, Weirdness & Mutations

You cannot wear most types of armour.
You are amphibious.
You can wear up to eight rings at the same time.
You can use your tentacles to constrict eight enemies at once.
Your skin changes colour to match your surroundings (Stealth).
Your rubbery body absorbs attacks (AC +1).
You have a pair of small antennae on your head.


Message History

t - Shout!
Orders for allies: a - Attack new target. p - Attack previous target. r - Retreat! s - Stop attacking. w - Wait here. f - Follow me.
Anything else - Stay silent.
Gang up on whom?
Press: ? - help, Dir - move target cursor, f - adder, p - giant gecko
Aim: an adder Attack!
The adder bites your giant gecko.
Your giant gecko dies!
Robin throws the goblin at you!
* * * LOW HITPOINT WARNING * * *
You closely miss the goblin. You grab the goblin. You squeeze the goblin.
You kill the goblin!
The adder bites you.
* * * LOW HITPOINT WARNING * * *
You are lethally poisoned!
The adder poisons you!
You die...
Fedhas appreciates your contribution to the ecosystem. ##.... ###### # #..$.. #### #....# ####.≈P ###..$.# ..PPPP

.......g #P≈P≈♣ #..$.#
#.P≈≈♣ #..gg##
########.≈≈≈♣
#..ggg#######.......PP≈♣≈
###.##S.@.....#####..(P≈≈
#.$ ##########


#..PPPP #$. ######. #8_ ## ### # #<.# # ..# # ..## ...# You could see Robin, an
adder, 2 hobgoblins and a goblin (frenzied).

Vanquished Creatures
  3 adders (D:2)
  An ooze (D:1)
  A giant gecko (D:1)
  A giant cockroach (D:1)
  8 goblins
  3 hobgoblins
  A quokka (D:3)
  7 bats
  4 giant newts
  4 kobolds
  4 rats
37 creatures vanquished.

Vanquished Creatures (others)
  A giant gecko (D:2)
  4 toadstools
5 creatures vanquished.

Grand Total: 42 creatures vanquished

Notes
Turn   | Place    | Note
--------------------------------------------------------------
     0 | D:1      | M4edhros the Octopode Artificer began the quest for the Orb.
     0 | D:1      | Reached XP level 1. HP: 13/13 MP: 3/3
    97 | D:1      | Reached XP level 2. HP: 18/18 MP: 4/4
   202 | D:2      | Found a shattered altar of Ashenzari.
   214 | D:2      | Reached skill level 4 in Evocations
   214 | D:2      | Reached XP level 3. HP: 8/23 MP: 4/6
   681 | D:3      | Found a blossoming altar of Fedhas.
   687 | D:3      | Found a stormy altar of Qazlal.
   697 | D:3      | Became a worshipper of Fedhas Madash
   861 | D:2      | Reached XP level 4. HP: 28/28 MP: 7/7
   926 | D:2      | Noticed Robin
   926 | D:2      | Found an opulent altar of Gozag.
   935 | D:2      | Gained mutation: You have a pair of small antennae on your head. [potion of beneficial mutation]
   941 | D:2      | HP: 1/28 [adder (4)]
   942 | D:2      | Succumbed to an adder's poison

Action                   |  1- 3 |  4- 6 || total
-------------------------+-------+-------++-------
Melee: Short sword       |    64 |     5 ||    69
Evoke: Wand              |       |     1 ||     1
  Use: Potion            |       |     5 ||     5
 Stab: Sleeping          |    10 |       ||    10
       Distracted        |     3 |       ||     3
